 Dungeon Crawl Stone Soup version 0.32-a0-119-g2e8054a (webtiles) character file.

Game seed: 2233779333303002182

397 Dorkslayer the Ruffian (level 6, -6/43 HPs)
             Began as an Octopode Fighter on Feb 6, 2024.
             Mangled by a wyvern (16 damage)
             ... on level 5 of the Dungeon.
             The game lasted 00:09:17 (3525 turns).

Dorkslayer the Ruffian (Octopode Fighter)           Turns: 3525, Time: 00:09:18

Health: -6/43      AC:  1    Str: 17    XL:     6   Next: 83%
Magic:  6/6        EV: 13    Int: 11    God:
Gold:   208        SH:  4    Dex: 11    Spells: 5/5 levels left

rFire   . .          .
                       - Unarmed
rCold   . . .        a - +0 buckler
rNeg    . . .        (helmet currently unavailable)
rPois   .            (no amulet)
rElec   .            (no ring)
rCorr   .            (no ring)
SInv    .            (no ring)
Will    .....        (no ring)
Stlth   +++          (no ring)
HPRegen 0.27/turn    (no ring)
MPRegen 0.10/turn    (no ring)
                     (no ring)

%: no passive effects
@: beast-form, marked
A: beast (slay +1), almost no armour, amphibious, 8 rings, camouflage 1,
gelatinous body 1, (nimble swimmer 1), tentacles
a: Begin Untransformation


You were on level 5 of the Dungeon.
You were a hulking beast.
You visited 2 branches of the dungeon, and saw 6 of its levels.

You collected 208 gold pieces.

Inventory:

Missiles
 q - 5 boomerangs (quivered)
 u - a throwing net
Armour
 a - a +0 buckler (worn)
Talismans
 h - a beast talisman (active)
 p - a maw talisman
Wands
 t - a wand of paralysis (10)
Scrolls
 c - a scroll of torment {unknown}
 e - a scroll of vulnerability {unknown}
 i - 2 scrolls of revelation {unknown}
 k - a scroll of teleportation {unknown}
 m - a scroll of identify {unknown}
 n - a scroll of silence {unknown}
 o - 3 scrolls of amnesia {unknown}
 r - a scroll of poison {unknown}
Potions
 b - a potion of might
 d - 2 potions of curing {unknown}
 f - a potion of resistance {unknown}
 g - 2 potions of heal wounds {unknown}
 j - 4 potions of attraction {unknown}
 l - a potion of berserk rage {unknown}
 s - a potion of enlightenment {unknown}


   Skills:
 + Level 3.6 Fighting
 + Level 0.8 Throwing
 + Level 3.9 Dodging
 + Level 2.4 Stealth
 + Level 3.6 Shields
 + Level 4.3 Unarmed Combat
 * Level 1.0 Evocations
 * Level 2.1 Shapeshifting


You had 5 spell levels left.
You didn't know any spells.
Your spell library contained the following spells:

 Spells                   Type           Power      Damage    Failure   Level
 Tukima's Dance           Hex            0%         N/A       80%         3
 Passage of Golubria      Tloc           0%         N/A       99%         4
 Yara's Violent Unravell  Hex/Alch       0%         3d3       100%        5


Dungeon Overview and Level Annotations

Branches:
Dungeon (5/15)             Temple (1/1) D:4

Altars:
Ashenzari
Cheibriados
Fedhas
Gozag
Hepliaklqana
Kikubaaqudgha
Makhleb
Nemelex Xobeh
Qazlal
Ru
Sif Muna
Trog
Uskayaw
Vehumet
Wu Jian
Xom
Yredelemnul
Zin
The Shining One


Innate Abilities, Weirdness & Mutations

You are a hulking beast.
Your limbs bulge with bestial killing power. (Slay +1)
You cannot wear most types of armour.
You are amphibious.
You can wear up to eight rings at the same time.
Your skin changes colour to match your surroundings (Stealth+).
Your rubbery body absorbs attacks. (AC +1, EV +1)
((You are camouflaged when in or above water. (Stealth+)))
You have tentacles for arms and can constrict up to eight enemies at once.


Message History

A centaur comes into view.
The adder closely misses you. You block the hound's attack.
You tentacle-slap the adder but do no damage.
The adder is severely wounded.
You constrict the adder.
You feel sick. You block the adder's attack. The hound bites you.
You bludgeon the adder!
You kill the adder!
You feel sick.
You are no longer poisoned.
You block the hound's attack.
The centaur wields a +0 shortbow.
The centaur shoots an arrow.
The arrow hits you! The hound bites you.
Aiming: Paralyse
Press: ? - help, Shift-Dir - straight line, f - centaur, p - ice beast
Aim: a centaur, wielding a +0 shortbow (chance to affect: 50%)
The centaur suddenly stops moving!
The hound bites you.
You miss the hound. Your grab misses the hound. The hound barely misses you.
You closely miss the hound. You grab the hound. You constrict the hound.
The hound bites you.
* * * LOW HITPOINT WARNING * * *
The hound barely misses you.
You tentacle-slap the hound.
The hound is moderately wounded.
You constrict the hound. The hound bites you.
* * * LOW HITPOINT WARNING * * *
An iguana comes into view.
You tentacle-slap the hound.
The hound is heavily wounded.
You constrict the hound. The hound misses you. x2
A gnoll comes into view. It is wielding a +0 whip.
You tentacle-slap the hound. x2
You kill the hound!
A wyvern comes into view.
Your Evocations skill increases to level 1!
Aiming: Paralyse
Press: ? - help, Shift-Dir - straight line, f - wyvern, p - centaur
Aim: a wyvern (chance to affect: 50%)
The wyvern resists with significant effort.
The wyvern bites you!
You die...

#..... #..###. #....#
#..##.. #....# .## #..##.#
#...h# ...###...#.# #....#
#..######.# #...†#
###.#####..# #....#
#...........
###...g#######...........
#....Y.kh...........§§...
.".#####l...........§§§...
.# #......c......§§≈#≈
#.........^...≈#§≈≈
#..........[..§§§_.
#....######'..≈#§§. #....#
#.......#≈≈≈ ######
#.....≈.# ## #........§


You could see a wyvern, an ice beast (paralysed), a centaur (paralysed), an
iguana and a gnoll.

Vanquished Creatures
  A jelly (D:5)
  2 hounds
  Crazy Yiuf (D:4)
  3 iguanas
  An orc wizard (D:4)
  8 adders
  4 dart slugs
  11 orcs
  4 endoplasms
  3 giant cockroaches
  8 hobgoblins
  4 jackals (D:1)
  4 quokkas
  7 ball pythons
  4 bats
  4 frilled lizards
  5 goblins
  7 kobolds
  7 rats
88 creatures vanquished.

Notes
Turn   | Place    | Note
-------+----------+-------------------------------------------
     0 | D:1      | Dorkslayer the Octopode Fighter began the quest for the
                  | Orb.
     0 | D:1      | Reached XP level 1. HP: 16/16 MP: 1/1
   290 | D:1      | Reached XP level 2. HP: 21/21 MP: 2/2
   672 | D:1      | Reached XP level 3. HP: 25/26 MP: 3/3
  1174 | D:2      | Found a glowing silver altar of Zin.
  1704 | D:2      | Reached XP level 4. HP: 27/31 MP: 4/4
  1790 | D:2      | Found a faded altar of an unknown god.
  1887 | D:3      | Reached skill level 3 in Unarmed Combat
  1887 | D:3      | Found a burning altar of Makhleb.
  1940 | D:3      | Found a sacrificial altar of Ru.
  1940 | D:3      | Found a shimmering altar of Xom.
  2179 | D:3      | Reached skill level 1 in Stealth
  2179 | D:3      | Reached skill level 1 in Shapeshifting
  2179 | D:3      | Reached XP level 5. HP: 34/36 MP: 5/5
  2358 | D:3      | Found a hazy altar of Hepliaklqana.
  2554 | D:4      | Found a staircase to the Ecumenical Temple.
  2645 | Temple   | Entered the Ecumenical Temple
  2707 | D:4      | Reached XP level 6. HP: 42/42 MP: 6/6
  2806 | D:4      | Reached skill level 4 in Unarmed Combat
  3016 | D:4      | Found a runed translucent door.
  3017 | D:4      | Noticed Crazy Yiuf
  3302 | D:4      | Killed Crazy Yiuf
  3323 | D:5      | Entered Level 5 of the Dungeon
  3481 | D:5      | Found a stormy altar of Qazlal.
  3506 | D:5      | Noticed an ice beast
  3524 | D:5      | Noticed a wyvern
  3525 | D:5      | Reached skill level 1 in Evocations
  3525 | D:5      | Mangled by a wyvern

Illustrated notes

Levels and vault maps discovered:
D:1:      amcnicky_arrival_choice, layout_loops_corners
D:2:      layout_basic, chequers_ecumenical_altar_twisty, basic_altar,
          minmay_tripent
D:3:      layout_loops_ring, nzn_hepliaklqana_mist_gate,
          nicolae_overflow_two_pavilions, mainiacjoe_overflow_small_starburst
D:4:      layout_loops_ring, minmay_temple_entry_sparse_star,
          uniq_crazy_yiuf_cottage
D:5:      gammafunk_steamed_eel, layout_basic, nicolae_qazlal_general_emergency,
          grunt_tough_drop
Temple:   jpeg_temple_clearing

Skill      XL: |  1  2  3  4  5  6 |
---------------+-------------------+-----
Unarmed Combat | 3 4 |  4.3
Stealth        | 1 2 |  2.4
Shapeshifting  | 1 2 |  2.1
Evocations     | 1 |  1.0
Fighting       | |  3.6
Throwing       | |  0.8
Dodging        | |  3.9
Shields        | |  3.6

Action                     |  1- 3 |  4- 6 || total
---------------------------+-------+-------++-------
  Melee: Unarmed           |    92 |   109 ||   201
         Constrict         |    28 |    33 ||    61
         Tentacles         |    15 |    25 ||    40
         Punch             |     2 |     7 ||     9
  Throw: Boomerang         |       |    11 ||    11
  Evoke: Wand              |       |     4 ||     4
    Use: Scroll            |     1 |       ||     1
   Stab: Sleeping          |     4 |     2 ||     6
         Paralysed         |       |     4 ||     4
 Armour: Skin              |    40 |    38 ||    78
  Dodge: Dodged            |    45 |    38 ||    83
  Block: Buckler           |    21 |    18 ||    39
   Form: Beast             |       |     1 ||     1

Table legend: (Time is in decaauts)
 A = Elapsed time spent in this place.
 B = Non-inter-level travel time spent in this place.
 C = Inter-level travel time spent in this place.
 D = Time resting spent in this place.
 E = Time spent auto-exploring this place.
 F = Levels seen in this place.
 G = Mean time per level.
                   A        B        C        D        E       F      G
               +--------+--------+--------+--------+--------+-----+--------+
         Total |   3524 |   3524 |      0 |    156 |   1952 |   6 |  587.3 |
       Dungeon |   3495 |   3495 |      0 |    156 |   1952 |   5 |  699.0 |
        Temple |     28 |     28 |      0 |      0 |      0 |   1 |   28.0 |
               +--------+--------+--------+--------+--------+-----+--------+

Top non-repeatable levels by time:
     D:2: 961 daAuts
     D:1: 921 daAuts
     D:4: 759 daAuts
     D:3: 652 daAuts
     D:5: 200 daAuts
  Temple: 28 daAuts
